 Dungeon Crawl Stone Soup version 0.24.0-1-gfbc8707 (webtiles) character file.

Game seed: 12396076248346612106, levelgen mode: deterministic

17863 Illumine the Cleaver (level 12, 0/114 HPs)
             Began as a Deep Dwarf Fighter on Oct 28, 2019.
             Was an Elder of Makhleb.
             Slain by a seven-headed hydra (6 damage)
             ... on level 2 of the Lair of Beasts.
             The game lasted 00:18:15 (9392 turns).

Illumine the Cleaver (Deep Dwarf Fighter)           Turns: 9392, Time: 00:18:16

Health: 0/114      AC: 16    Str: 24    XL:     12   Next: 22%
Magic:  7/7        EV: 10    Int: 10    God:    Makhleb [****..]
Gold:   1204       SH: 14    Dex: 12    Spells: 11/11 levels left

rFire    + + .     SeeInvis .   p - +1 flail (crush)
rCold    . . .     Gourm    .   d - +2 shield
rNeg     . . .     Faith    .   l - +0 chain mail {rF+}
rPois    +         Spirit   .   F - +1 hat
rElec    .         Reflect  .   (no cloak)
rCorr    .         Harm     .   j - +2 pair of gloves
MR       +....                  (no boots)
Stlth    ..........             (no amulet)
HPRegen  0.00/turn              i - ring of poison resistance
MPRegen  0.10/turn              z - ring of protection from fire

@: non-regenerating, invisible
A: damage resistance, heal wounds, sense surroundings 2, no regeneration
a: Heal Wounds, Minor Destruction, Lesser Servant of Makhleb, Major Destruction,
Renounce Religion


You were on level 2 of the Lair of Beasts.
You worshipped Makhleb.
Makhleb was greatly pleased with you.
You were not hungry.

You visited 3 branches of the dungeon, and saw 14 of its levels.
You also visited: Ossuary.

You collected 1204 gold pieces.

Inventory:

Hand Weapons
 a - a +1 war axe
 p - a +1 flail of crushing (weapon)
 y - a +0 war axe
Missiles
 e - 21 poisoned darts
 A - 3 silver boomerangs (quivered)
Armour
 d - a +2 shield (worn)
 j - a +2 pair of gloves (worn)
 l - a +0 chain mail of fire resistance (worn)
 F - a +1 hat (worn)
Jewellery
 i - a ring of poison resistance (left hand)
 n - an uncursed ring of resist corrosion
 x - an uncursed ring of protection from magic
 z - a ring of protection from fire (right hand)
 H - a +2 ring of intelligence {unknown}
Wands
 r - a wand of flame (16)
 B - a wand of iceblast (2)
 C - a wand of random effects (29)
 D - a wand of paralysis (19)
Scrolls
 b - 3 scrolls of remove curse
 k - 4 scrolls of enchant weapon
 q - 2 scrolls of fog
 s - a scroll of vulnerability {unknown}
 u - 2 scrolls of fear
 w - a scroll of magic mapping
 J - a scroll of teleportation {unknown}
Potions
 g - 3 potions of haste
 m - 2 potions of flight
 o - a potion of cancellation
 t - 5 potions of curing
 v - 3 potions of brilliance
 E - 3 potions of berserk rage
 I - a potion of resistance {unknown}
Comestibles
 f - 24 rations


   Skills:
 + Level 9.0 Fighting
 + Level 11.3 Axes
 + Level 10.6 Armour
 * Level 4.5 Dodging
 + Level 10.6 Shields
 + Level 7.8 Invocations


You had 11 spell levels left.
You didn't know any spells.
Your spell library contained the following spells:

 Spells                   Type           Power        Failure   Level  Hunger
 Animate Skeleton         Necr           N/A          98%         1    ##.....
 Apportation              Tloc           #.....       98%         1    ##.....
 Beastly Appendage        Tmut           #.....       98%         1    ##.....
 Confusing Touch          Hex            #.....       98%         1    ##.....
 Magic Dart               Conj           #...         98%         1    ##.....
 Summon Small Mammal      Summ           #...         98%         1    ##.....
 Blink                    Tloc           N/A          99%         2    ###....
 Call Imp                 Summ           #.......     99%         2    ###....
 Slow                     Hex            #.......     99%         2    ###....
 Sticks to Snakes         Tmut           #.......     99%         2    ###....
 Conjure Flame            Conj/Fire      #.......     100%        3    ####...
 Mephitic Cloud           Conj/Pois/Air  #.......     100%        3    ####...
 Spider Form              Tmut/Pois      #.........   100%        3    ####...
 Ice Form                 Ice/Tmut       #.......     100%        4    #####..
 Blade Hands              Tmut           #.........   100%        5    ######.


Dungeon Overview and Level Annotations

Branches:
Dungeon (11/15)            Temple (1/1) D:7            Lair (2/6) D:10
Ossuary (visited)
  Swamp: Lair:2-4    Shoals: Lair:2-4     Snake: Lair:2-4    Spider: Lair:2-4
    Orc: D:9-12

Altars:
Cheibriados
Elyvilon
Gozag
Makhleb
Nemelex Xobeh
Ru
Sif Muna
Trog
Vehumet
Wu Jian
Yredelemnul
The Shining One

Shops:
D:6 }   D:9 ::

Annotations:
D:4 2 runed translucent doors, GekoRoach's ghost, amateur DECj
D:9 1 runed translucent door
Lair:2 exclusion: oklob plant


Innate Abilities, Weirdness & Mutations

You are resistant to damage.
You can heal yourself by infusing magical energy.
You passively map the area around you.
You do not regenerate.


Message History

You block the seven-headed hydra's attack.
The seven-headed hydra closely misses you.
The seven-headed hydra bites you but does no damage.
Okay, then.
You feel better.
You block the seven-headed hydra's attack. x2
The seven-headed hydra misses you. The seven-headed hydra bites you!
* * * LOW HITPOINT WARNING * * *
The seven-headed hydra barely misses you.
The seven-headed hydra bites you but does no damage. x2
Your hellwing hits the seven-headed hydra!
Your hellwing hits the seven-headed hydra.
You fade into invisibility!
You block the seven-headed hydra's attack.
The seven-headed hydra bites you!
* * * LOW HITPOINT WARNING * * *
The seven-headed hydra bites you but does no damage.
You block the seven-headed hydra's attack.
The seven-headed hydra bites you!
You die...

# ##.......#.#
#......# *
##.##...#######
#.....## *
##P....###
#[...##
#.....#..#
#...### *
...#.#...##
#....* * ,,
.#*###....##
#...### . ,
##....P# *#...#
# * #......####
...## *
#...<..4†@# ,*
,** #.......D##
, *
#.........#* *
##P........# *
* *
##........r. ,
* ##...........
*
#.#.....#.:..#
* *
##.#..#.######
,* ##./#,## *


You could see a seven-headed hydra and a friendly hellwing.

Vanquished Creatures
  Gastronok (D:9)
  Harold (D:10)
  A two-headed ogre (D:9)
  3 black mambas
  2 spiny frogs (Lair:1)
  2 komodo dragons
  3 trolls
  A hornet (D:9)
  5 hippogriffs
  Prince Ribbit (D:9)
  Sigmund (D:4)
  2 wyverns
  23 yaks
  4 hogs (D:7)
  A basilisk (D:10)
  A human (D:7)
  Edmund (D:4)
  An acid dragon (D:10)
  2 water moccasins
  A porcupine (Lair:2)
  A phantom (D:6)
  2 ice beasts (D:10)
  2 sky beasts
  5 orc warriors
  A necrophage (D:8)
  12 wolves
  6 ogres
  2 crocodiles (Lair:1)
  8 bullfrogs
  An elf zombie (Ossuary)
  3 scorpions
  2 electric eels
  3 howler monkeys
  A centaur zombie (D:9)
  7 crimson imps
  2 quasits
  7 hounds
  A human zombie (Ossuary)
  6 orc priests
  3 bullfrog zombies
  2 jellies
  16 orc wizards
  4 bullfrog skeletons
  2 centaur skeletons
  An iguana (D:9)
  4 worker ants
  3 big kobold zombies (Ossuary)
  3 hound skeletons
  2 mummies (Ossuary)
  3 worker ant zombies
  12 adders
  4 gnolls (D:8)
  A howler monkey skeleton (D:4)
  2 shadow imps
  2 adder zombies
  5 adder skeletons
  3 worms
  3 dart slugs (D:1)
  7 leopard geckos
  59 orcs
  6 bats
  5 giant cockroaches
  7 goblins
  9 hobgoblins
  6 jackals
  8 quokkas
  3 ball pythons
  4 frilled lizards
  5 gnoll zombies
  3 goblin zombies (Ossuary)
  3 jackal skeletons (D:4)
  A jackal zombie (D:7)
  8 kobolds
  A leopard gecko skeleton (D:4)
  3 orc zombies (Ossuary)
  7 rats
  A plant (D:10)
350 creatures vanquished.

Vanquished Creatures (others)
  A fungus (Lair:2)
1 creature vanquished.

Grand Total: 351 creatures vanquished

Notes
Turn   | Place    | Note
-------+----------+-------------------------------------------
     0 | D:1      | Illumine the Deep Dwarf Fighter began the quest for the
                  | Orb.
     0 | D:1      | Reached XP level 1. HP: 20/20 MP: 1/1
   155 | D:1      | Reached XP level 2. HP: 25/27 MP: 2/2
   225 | D:1      | Reached skill level 3 in Axes
   226 | D:1      | Reached XP level 3. HP: 25/34 MP: 3/3
   874 | D:2      | Reached XP level 4. HP: 30/42 MP: 4/4
   911 | D:2      | Found a glowing golden altar of the Shining One.
  1337 | D:3      | Noticed an ogre
  1344 | D:3      | Killed an ogre
  1344 | D:3      | Reached skill level 4 in Axes
  1344 | D:3      | Reached XP level 5. HP: 46/49 MP: 5/5
  1662 | D:3      | Found a sparkling altar of Nemelex Xobeh.
  2209 | D:4      | Reached XP level 6. HP: 31/57 MP: 6/6
  2249 | D:4      | Reached skill level 5 in Axes
  2321 | D:4      | Noticed Edmund
  2334 | D:4      | Killed Edmund
  2379 | D:4      | Reached XP level 7. HP: 35/64 MP: 7/7
  2418 | D:4      | Reached skill level 5 in Armour
  2446 | D:4      | Reached skill level 5 in Shields
  2656 | D:4      | Found a large runed translucent door.
  2656 | D:4      | Found a large runed translucent door.
  2658 | D:4      | Noticed GekoRoach's ghost (amateur DECj)
  2685 | D:4      | Reached skill level 6 in Axes
  2940 | D:4      | Noticed Sigmund
  2953 | D:4      | Killed Sigmund
  3146 | D:5      | Entered Level 5 of the Dungeon
  3392 | D:5      | Reached XP level 8. HP: 49/73 MP: 7/7
  3605 | D:5      | Reached skill level 7 in Axes
  4024 | D:6      | Found Waus's Gadget Shop.
  4246 | D:6      | Reached skill level 5 in Fighting
  4267 | D:6      | Found a basalt altar of Yredelemnul.
  4642 | D:7      | Found a sand-covered staircase.
  4646 | Ossuary  | Entered an ossuary
  4888 | D:7      | Noticed a troll
  4907 | D:7      | Killed a troll
  4907 | D:7      | Reached skill level 8 in Axes
  4919 | D:7      | Gained mutation: You passively map the area around you.
                  | [Deep Dwarf growth]
  4919 | D:7      | Reached XP level 9. HP: 37/81 MP: 7/7
  4932 | D:7      | Found a white marble altar of Elyvilon.
  4932 | D:7      | Found a shimmering blue altar of Sif Muna.
  4932 | D:7      | Found an opulent altar of Gozag.
  4933 | D:7      | Found a burning altar of Makhleb.
  4976 | D:7      | Became a worshipper of Makhleb the Destroyer
  5039 | D:7      | Found a staircase to the Ecumenical Temple.
  5136 | D:7      | Reached skill level 9 in Axes
  5593 | Temple   | Entered the Ecumenical Temple
  5677 | D:8      | Reached * piety under Makhleb
  5773 | D:8      | Reached XP level 10. HP: 27/92 MP: 7/7
  5893 | D:8      | Found a sacrificial altar of Ru.
  6020 | D:8      | Reached ** piety under Makhleb
  6083 | D:8      | Reached skill level 1 in Invocations
  6186 | D:8      | Found a faded altar of an unknown god.
  6186 | D:8      | Found a faded altar of an unknown god.
  6191 | D:8      | Found a snail-covered altar of Cheibriados.
  6193 | D:8      | Found a radiant altar of Vehumet.
  6194 | D:8      | Found a bloodstained altar of Trog.
  6528 | D:9      | Noticed Gastronok
  6598 | D:9      | Noticed Prince Ribbit
  6610 | D:9      | Killed Prince Ribbit
  6795 | D:9      | Found Zenom's Book Shoppe.
  6922 | D:9      | Reached skill level 10 in Axes
  6989 | D:9      | Noticed a two-headed ogre
  7009 | D:9      | Killed a two-headed ogre
  7035 | D:9      | Killed Gastronok
  7035 | D:9      | Reached skill level 5 in Invocations
  7035 | D:9      | Reached XP level 11. HP: 84/103 MP: 10/10
  7156 | D:9      | Found Errur's Book Shoppe.
  7176 | D:9      | Reached *** piety under Makhleb
  7178 | D:9      | Found a glowing golden altar of the Shining One.
  7179 | D:9      | Noticed an angel
  7179 | D:9      | Found a runed translucent door.
  7199 | D:10     | Entered Level 10 of the Dungeon
  7223 | D:10     | Found a staircase to the Lair.
  7261 | D:10     | Noticed Harold
  7452 | D:10     | Killed Harold
  7714 | D:10     | Reached skill level 10 in Shields
  7758 | D:10     | Reached skill level 10 in Armour
  7786 | D:10     | Reached **** piety under Makhleb
  8130 | D:11     | HP: 5/104 [rust devil[a kobold demonologist] (2)]
  8236 | Lair:1   | Entered Level 1 of the Lair of Beasts
  8248 | Lair:1   | Reached skill level 1 in Dodging
  8250 | Lair:1   | Reached skill level 11 in Axes
  8529 | Lair:1   | Reached XP level 12. HP: 44/112 MP: 7/7
  9152 | Lair:2   | Reached ***** piety under Makhleb
  9372 | Lair:2   | Noticed a seven-headed hydra
  9386 | Lair:2   | HP: 2/114 [seven-headed hydra (7)]
  9392 | Lair:2   | Slain by a seven-headed hydra

Levels and vault maps discovered:
D:1:      dpeg_arrival_chambers_temple_mockup, layout_loops_ring
D:2:      layout_rooms, tso_metal_star, first_ration
D:3:      layout_basic, nemelex_altar_shiori, grunt_ministairs_1
D:4:      layout_cave_pods, ebering_ghost_disaster_area, serial_undead,
          serial_undead_e, serial_undead_c, serial_undead_c, serial_undead_e,
          serial_undead_c, sigmund_edmund_badplayer
D:5:      layout_loops_corners, nicolae_overflow_hidden_temple
D:6:      layout_cave_pools, lemuel_zombie_altar_yredelemnul, serial_shops, shop
D:7:      layout_loops_ring, chequers_temple_overflow_statue_of_worship,
          minmay_temple_entry_large_hall, nicolae_ossuary_entry_plus,
          grunt_livestock
D:8:      minmay_goldmine, layout_basic, nicolae_ru_great_annihilating_truth,
          chequers_temple_overflow_minitemple
D:9:      layout_irregular_city, serial_shops, kennysheep_mini, shop, shop,
          kennysheep_cluttered_room, lemuel_angel_altar, uniq_prince_ribbit1,
          uniq_gastronok
D:10:     layout_basic, dpeg_oklobed_lair, uniq_harold
D:11:     minmay_the_grid_square_5x5_5x5_mashed [minmay_the_grid_square_5x5_six,
          minmay_the_grid_square_5x5_shrine2, minmay_the_grid_square_5x5_bridge,
          minmay_the_grid_square_5x5_misaligned,
          minmay_the_grid_square_5x5_half_checkered,
          minmay_the_grid_square_5x5_minivault,
          minmay_the_grid_square_5x5_prize_pseudospiral,
          minmay_the_grid_square_5x5_seven,
          minmay_the_grid_square_5x5_prize_waves,
          minmay_the_grid_square_5x5_inner_v,
          minmay_the_grid_square_5x5_minimal, minmay_the_grid_square_5x5_z,
          minmay_the_grid_square_5x5_prize_snowflake,
          minmay_the_grid_square_5x5_trominoes,
          minmay_the_grid_square_5x5_longway,
          minmay_the_grid_square_5x5_sharp_hourglass,
          minmay_the_grid_square_5x5_prize_rear_guard,
          minmay_the_grid_square_5x5_eight_small,
          minmay_the_grid_square_5x5_prize_itemx,
          minmay_the_grid_square_5x5_hollow_slash,
          minmay_the_grid_square_5x5_almost_minimal,
          minmay_the_grid_square_5x5_plus, minmay_the_grid_square_5x5_percent,
          minmay_the_grid_square_5x5_corner,
          minmay_the_grid_square_5x5_two_walls_a], layout_gridville
Temple:   eino_wide_crystal_templ
Lair:1:   layout_regular_city, infiniplex_staircase_pool
Lair:2:   layout_cave_pods, serial_bayou_shore_b, minmay_lair_oklob_chamber

Skill      XL: |  1  2  3  4  5  6  7  8  9 10 11 12 |
---------------+-------------------------------------+-----
Axes           | 3 4 5 6 8 9 10 11 | 11.3
Fighting       | 3 4 5 6 7 8 9 |  9.0
Armour         | 4 5 6 8 9 10 | 10.6
Shields        | 4 5 6 8 9 10 | 10.6
Invocations    | 5 7 |  7.8
Dodging        | 3 4 |  4.5

Action                   |  1- 3 |  4- 6 |  7- 9 | 10-12 || total
-------------------------+-------+-------+-------+-------++-------
Melee: War axe           |   105 |   142 |   576 |   693 ||  1516
       Hand axe          |       |       |     2 |       ||     2
       Flail             |       |       |       |     8 ||     8
Invok: Lesser Servant of |       |       |       |     1 ||     1
       Major Destruction |       |       |       |     1 ||     1
 Abil: Heal Wounds       |       |     3 |    18 |    38 ||    59
Evoke: Wand              |       |       |       |     1 ||     1
  Use: Potion            |       |     1 |       |     8 ||     9
       Scroll            |       |       |     1 |    16 ||    17
 Stab: Sleeping          |       |       |       |     1 ||     1
  Eat: Chunk             |       |     5 |     5 |    10 ||    20
       Ration            |       |       |     2 |     1 ||     3
Armor: Chain mail        |    68 |    62 |   356 |   270 ||   756
       Skin              |       |       |       |    11 ||    11
Dodge: Dodged            |    26 |    27 |   151 |   280 ||   484
Block: Shield            |    74 |   102 |   436 |   637 ||  1249
